 Dungeon Crawl Stone Soup version 0.18.1-48-g4cf74bf (webtiles) character file.

117 RickumRackum the Sneak (level 4, 21/21 HPs)
             Began as a Spriggan Enchanter on Aug 26, 2016.
             Quit the game on level 3 of the Dungeon.
             The game lasted 00:22:35 (3209 turns).

RickumRackum the Sneak (Spriggan Enchanter)         Turns: 3209, Time: 00:22:36

Health: 21/21      AC:  4    Str:  1 (4)  XL:     4   Next: 71%
Magic:  3/9        EV: 18    Int: 16      God:
Gold:   63         SH:  0    Dex: 16 (17) Spells: 2 memorised, 5 levels left

rFire  . . .     SeeInvis +     a - +1 dagger
rCold  . . .     Gourm    .     b - +1 robe
rNeg   . . .     Faith    +     (shield restricted)
rPois  .         Spirit   .     (helmet restricted)
rElec  .         Dismiss  .     l - +0 cloak
rCorr  .         Reflect  .     (gloves unavailable)
SustAt .         Harm     .     (boots unavailable)
MR     .....                    k - amulet of faith
Stlth  ++++......               (no ring)
                                (no ring)

@: very slightly contaminated, very quick, not resistant to hostile
enchantments, stealthy
A: unfitting armour, see invisible, herbivore 3, speed 3, slow metabolism 2
a: no special abilities


You were on level 3 of the Dungeon.
You were not hungry.

You visited 1 branch of the dungeon, and saw 3 of its levels.

You collected 63 gold pieces.

Inventory:

Hand Weapons
 a - a +1 dagger (weapon)
Armour
 b - a +1 robe (worn)
 l - a +0 cloak (worn)
Jewellery
 k - an amulet of faith (around neck)
Potions
 d - a potion of curing {unknown}
 e - 2 potions of haste {unknown}
 g - 2 potions of might {unknown}
Books
 c - a book of Maledictions

   Spells                             Type                      Level
   a - Corona                         Hexes                        1
   b - Ensorcelled Hibernation        Hexes/Ice                    2
   c - Confuse                        Hexes                        3
   d - Tukima's Dance                 Hexes                        3
   e - Dazzling Spray                 Conjuration/Hexes            3


   Skills:
 + Level 3.5 Short Blades
 - Level 3.0 Dodging
 + Level 6.3 Stealth
 - Level 2.9 Spellcasting
 - Level 3.9 Hexes


You had 5 spell levels left.
You knew the following spells:

 Your Spells              Type           Power        Failure   Level  Hunger
a - Corona                Hex            ##.....      4%          1    #......
b - Ensorcelled Hibernat  Hex/Ice        #.....       14%         2    ##.....


Dungeon Overview and Level Annotations

Branches:
Dungeon (3/15)

Altars:


Innate Abilities, Weirdness & Mutations

You are tiny and cannot use many weapons and most armour.
You have supernaturally acute eyesight.
You are a herbivore.
You cover ground extremely quickly.
You need consume almost no food.


Message History

Press: ? - help, Shift-Dir - straight line, f/p - goblin
Aim: a goblin (chance to defeat MR: 78%)
The goblin resists with significant effort.
The goblin completely misses you.
You hit the goblin.
The goblin is heavily wounded.
The goblin barely misses you.
You hit the goblin.
The goblin is heavily wounded.
The goblin barely misses you.
You barely miss the goblin.
The goblin is heavily wounded.
The goblin misses you.
You hit the goblin.
The goblin is severely wounded.
The goblin hits you but does no damage.
You hit the goblin.
You kill the goblin!
You see here a goblin corpse.
Are you sure you want to abandon this character and quit the game? (Confirm with "yes".)

..... #.##.#.#.............
......#.##.#.......<....###
#....#.##.......[.####.#
#.................... #
...####.##############
#.........# #########.#
####.# #...@# #....# #....#
....... #.##.##.. . .. #...
### #... #....


There were no monsters in sight!

Vanquished Creatures
  Robin (D:2)
  3 gnolls (D:2)
  2 adders (D:2)
  A dart slug (D:2)
  A giant gecko (D:1)
  5 bats
  A giant cockroach (D:1)
  10 goblins
  10 hobgoblins
  3 jackals (D:1)
  6 kobolds
  A quokka (D:2)
  6 giant newts (D:1)
  5 rats
55 creatures vanquished.

Notes
Turn   | Place    | Note
--------------------------------------------------------------
     0 | D:1      | RickumRackum the Spriggan Enchanter began the quest for the Orb.
     0 | D:1      | Reached XP level 1. HP: 9/9 MP: 5/5
   157 | D:1      | Reached XP level 2. HP: 8/13 MP: 4/6
   481 | D:1      | Learned a level 2 spell: Ensorcelled Hibernation
   840 | D:1      | Reached skill level 5 in Stealth
  1185 | D:1      | Reached XP level 3. HP: 16/16 MP: 8/8
  1561 | D:2      | Noticed Robin
  2038 | D:2      | Killed Robin
  2405 | D:2      | Reached XP level 4. HP: 20/21 MP: 1/9
  2735 | D:2      | Reached skill level 6 in Stealth
  3209 | D:3      | Quit the game

Skill      XL: |  1  2  3  4 |
---------------+-------------+-----
Stealth        | 5 6 |  6.3
Short Blades   | 2 3 |  3.5
Dodging        | |  3.0
Spellcasting   | |  2.9
Hexes          | |  3.9

Action                   |  1- 3 |  4- 6 || total
-------------------------+-------+-------++-------
Melee: Dagger            |   104 |    17 ||   121
 Cast: Corona            |     3 |       ||     3
       Ensorcelled Hiber |    37 |    13 ||    50
  Use: Potion            |     4 |       ||     4
       Scroll            |     1 |     3 ||     4
 Stab: Sleeping          |    30 |    11 ||    41
       Distracted        |     1 |       ||     1
  Eat: Bread ration      |     1 |       ||     1
Armor: Robe              |    18 |     1 ||    19
Dodge: Dodged            |    63 |     5 ||    68
